[Event "Titled Tuesday Blitz May 9 Late 2023"]
[White "Radzhabov, Rodion"]
[Black "Perez Rodriguez, Jennifer"]
[WhiteFideId "884715"]
[BlackFideId "3507831"]
[WhiteElo "2215"]
[BlackElo "2116"]
[Result "1-0"]
[Round "03"]
[TimeControl "180+2"]
[Date "2023.05.09"]
[WhiteClock "0:00:07"]
[BlackClock "0:00:15"]

1. e4 e5 2. Nf3 Nc6 3. Nc3 Nf6 4. Be2 d5 5. exd5 Nxd5 6. O-O Nxc3 7. bxc3 Bd6 8. d4 O-O 9. Rb1 e4 10. Nd2 f5 11. Nc4 f4 12. Nxd6 Qxd6 13. Bc4+ Kh8 14. Re1 Bf5 15. Rb5 Rae8 16. Rd5 Qh6 17. Rc5 Qh4 18. g3 fxg3 19. hxg3 Qf6 20. Bf4 Qg6 21. Be2 Rc8 22. Qb1 b6 23. Rb5 e3 24. Bxe3 Bxc2 25. Qc1 Be4 26. Bf4 Rce8 27. Bh5 Qf6 28. Bxe8 Rxe8 29. Rh5 g6 30. Re5 Nxe5 31. Bxe5 Rxe5 32. dxe5 Qf3 33. Rxe4 Qxe4 34. Qg5 Qe1+ 35. Kg2 Qe4+ 36. Kh2 Qe2 37. Qf6+ Kg8 38. e6 Qh5+ 39. Kg1 Qd5 40. Qf7+ Kh8 41. Qf8# 1-0


[Site "https://www.chess.com"]

[Event "Titled Tuesday Blitz May 9 Late 2023"]
[White "Vakhlamov, Igor L."]
[Black "Goncalves, Davi Sulzbacher"]
[WhiteFideId "24126748"]
[BlackFideId "2154510"]
[WhiteElo "2407"]
[BlackElo "2182"]
[Result "1-0"]
[Round "03"]
[TimeControl "180+2"]
[Date "2023.05.09"]
[WhiteClock "0:00:16"]
[BlackClock "0:00:00"]

1. e4 c6 2. d4 d5 3. exd5 cxd5 4. c4 Nf6 5. Nc3 e6 6. c5 Be7 7. Bb5+ Bd7 8. Bxd7+ Qxd7 9. b4 O-O 10. Nf3 a6 11. O-O Nc6 12. Rb1 Ne4 13. Qc2 Nxc3 14. Qxc3 Bf6 15. Bf4 Rfe8 16. Rfe1 h6 17. h3 Rac8 18. a4 g5 19. Bg3 Ne7 20. Ne5 Qxa4 21. b5 Bxe5 22. Bxe5 axb5 23. Rb4 Qa2 24. Rxb5 Ng6 25. Rxb7 Nxe5 26. Rxe5 Rb8 27. Rxb8 Rxb8 28. Re1 Rb3 29. Qc1 Rb2 30. Qe3 Rc2 31. h4 Kh7 32. hxg5 hxg5 33. Qxg5 Rc3 34. g3 Qc2 35. Kg2 Qg6 36. Rh1+ Kg7 37. Qe5+ Kf8 38. Qd6+ Kg7 39. Qe5+ Kf8 40. Rh8+ Ke7 41. Qd6+ Kf6 42. Qd8+ Kf5 43. Rh4 Qg5 44. Rf4+ Qxf4 45. gxf4 Ke4 46. Qd7 Kxd4 47. c6 1-0


[Site "https://www.chess.com"]

[Event "Titled Tuesday Blitz May 9 Late 2023"]
[White "Ladan, Nicholas"]
[Black "Gorshtein, Ido"]
[WhiteFideId "30918855"]
[BlackFideId "2815532"]
[WhiteElo "2167"]
[BlackElo "2415"]
[Result "1-0"]
[Round "03"]
[TimeControl "180+2"]
[Date "2023.05.09"]
[WhiteClock "0:00:07"]
[BlackClock "0:00:00"]

1. d4 Nf6 2. Nf3 e6 3. g3 d5 4. Bg2 b5 5. O-O Be7 6. c3 O-O 7. Ne5 Nfd7 8. Bf4 Nxe5 9. Bxe5 Bb7 10. a4 b4 11. c4 a5 12. Nd2 Nc6 13. cxd5 Nxe5 14. d6 cxd6 15. Bxb7 Ra7 16. dxe5 Rxb7 17. exd6 Qxd6 18. Nc4 Qc5 19. b3 Rd8 20. Qc2 h5 21. Rad1 Rbd7 22. Rxd7 Rxd7 23. Rd1 Rc7 24. Qe4 h4 25. Kg2 g6 26. Qa8+ Kg7 27. Qxa5 Qc6+ 28. f3 Bc5 29. Rd8 Ra7 30. Qb5 Qxb5 31. axb5 Rb7 32. Ne5 Rxb5 33. Rd7 Be7 34. Nxg6 Kxg6 35. Rxe7 Rc5 36. Rb7 Rc2 37. Kf2 hxg3+ 38. hxg3 Kf6 39. Rxb4 Rb2 40. Ke3 Ke7 41. Rb7+ Kf6 42. g4 Rb1 43. Rb6 Kg7 44. Kf4 Rb2 45. e3 Kf6 46. g5+ Kg7 47. b4 Rb3 48. Ke4 Kg6 49. f4 Kg7 50. Rb8 Kg6 51. b5 Kg7 52. b6 Rb5 53. b7 Rb3 54. Ke5 Rb5+ 55. Kd6 Rb1 56. Ke7 Rb3 57. e4 Rb4 58. f5 exf5 59. e5 f4 60. g6 fxg6 61. e6 f3 62. Kd6 f2 63. e7 f1=Q 64. e8=Q Qd3+ 65. Kc7 Qc3+ 66. Qc6 Rc4 67. Rg8+ Kh6 68. Rxg6+ Kh5 69. Rh6+ Kg5 70. Rg6+ Kf5 71. b8=Q Rxc6+ 72. Rxc6 1-0


[Site "https://www.chess.com"]

[Event "Titled Tuesday Blitz May 9 Late 2023"]
[White "Prydun, Andriy"]
[Black "Goltsev, Dmitry"]
[WhiteFideId "14145898"]
[BlackFideId "24176710"]
[WhiteElo "2164"]
[BlackElo "2356"]
[Result "0-1"]
[Round "03"]
[TimeControl "180+2"]
[Date "2023.05.09"]
[WhiteClock "0:00:01"]
[BlackClock "0:02:22"]

1. e4 e6 2. Ne2 d5 3. Ng3 Nf6 4. Nc3 d4 5. Nb1 c5 6. Bd3 Nc6 7. O-O e5 8. a3 a6 9. b4 h5 10. Bb2 h4 11. Nf5 g6 12. f4 gxf5 13. fxe5 Nxe4 14. Qe2 Be6 15. c3 Qd5 16. b5 axb5 17. Bxb5 O-O-O 18. c4 d3 19. Qe3 Qd7 20. Nc3 Bh6 21. Qf3 Nxd2 22. Qf2 Nxf1 23. Rxf1 Qd4 24. Na4 Qxf2+ 0-1


[Site "https://www.chess.com"]

[Event "Titled Tuesday Blitz May 9 Late 2023"]
[White "Harshavardhan G B"]
[Black "Przybylski, Wojciech"]
[WhiteFideId "25059009"]
[BlackFideId "1117599"]
[WhiteElo "2323"]
[BlackElo "2222"]
[Result "1-0"]
[Round "03"]
[TimeControl "180+2"]
[Date "2023.05.09"]
[WhiteClock "0:02:57"]
[BlackClock "0:00:30"]

1. Nf3 Nf6 2. g3 d5 3. Bg2 c6 4. O-O Bg4 5. d3 Bxf3 6. Bxf3 Nbd7 7. Bg2 e6 8. Nd2 Be7 9. e4 O-O 10. Qe2 Qc7 11. b3 a5 12. a4 b5 13. Bb2 bxa4 14. Rxa4 Nb6 15. Raa1 a4 16. f4 axb3 17. Nxb3 Rxa1 18. Rxa1 Ra8 19. h3 Rxa1+ 20. Bxa1 Qa7 21. Kh2 h6 22. Bd4 Qa2 23. Bxb6 Qa6 24. Bd4 Qa2 25. exd5 cxd5 26. Qd1 Qa4 27. Qa1 Qc6 28. Qc3 Qb7 29. Be5 Ne8 30. Qa5 Qc6 31. Nd4 Qd7 32. f5 h5 33. fxe6 fxe6 34. Nxe6 h4 35. Qxd5 hxg3+ 36. Bxg3 1-0


[Site "https://www.chess.com"]

[Event "Titled Tuesday Blitz May 9 Late 2023"]
[White "OPQRC"]
[Black "Ashraf, Artin"]
[BlackFideId "22514805"]
[WhiteElo "2466"]
[BlackElo "2188"]
[Result "1-0"]
[Round "03"]
[TimeControl "180+2"]
[Date "2023.05.09"]
[WhiteClock "0:00:16"]
[BlackClock "0:00:13"]

1. e4 c5 2. Nf3 d6 3. d4 cxd4 4. Nxd4 Nf6 5. Nc3 a6 6. Bg5 e6 7. f4 h6 8. Bh4 Qb6 9. Qd2 Be7 10. O-O-O Nbd7 11. Nf3 Qc7 12. Bd3 b5 13. a3 Bb7 14. Rhe1 e5 15. Nd5 Nxd5 16. exd5 Bxh4 17. Nxh4 O-O 18. Nf5 Rfe8 19. Qe3 e4 20. Qg3 g6 21. Bxe4 Rac8 22. Bd3 Nc5 23. Nxh6+ Kh7 24. Ng4 Rxe1 25. Rxe1 Qd8 26. Qh3+ Kg7 27. Qh6+ Kg8 28. Re8+ 1-0


[Site "https://www.chess.com"]

[Event "Titled Tuesday Blitz May 9 Late 2023"]
[White "Martin Barcelo, Carles"]
[Black "Lavrik, Dmitry"]
[WhiteFideId "24561444"]
[BlackFideId "24113190"]
[WhiteElo "2089"]
[BlackElo "2345"]
[Result "0-1"]
[Round "03"]
[TimeControl "180+2"]
[Date "2023.05.09"]
[WhiteClock "0:00:08"]
[BlackClock "0:00:03"]

1. e4 c5 2. Nf3 d6 3. d4 cxd4 4. Nxd4 Nf6 5. Nc3 Nc6 6. f3 e5 7. Nb3 Be7 8. Bg5 Nxe4 9. Bxe7 Nxc3 10. Bxd8 Nxd1 11. Rxd1 Kxd8 12. Rxd6+ Kc7 13. Rd2 Be6 14. Nc5 Bxa2 15. b3 Rhd8 16. Bd3 Nb4 17. Ke2 Rd5 18. Ne4 Rad8 19. Nc3 Rc5 20. Nxa2 Nxa2 21. Ra1 Nc3+ 22. Ke3 a5 23. Bxh7 Nd5+ 24. Kf2 g6 25. Rad1 Rd7 26. Bg8 Nf6 27. Rxd7+ Nxd7 28. Bxf7 Rxc2+ 29. Kg3 b5 30. Be8 Nf6 31. Bxb5 Nh5+ 32. Kh4 Rxg2 33. Rd7+ Kb6 34. Bc4 Nf4 35. Rd6+ Kc5 36. Ra6 g5# 0-1


[Site "https://www.chess.com"]

[Event "Titled Tuesday Blitz May 9 Late 2023"]
[White "Simonian, Hrair"]
[Black "Vega Gutierrez, Sabrina"]
[WhiteFideId "13302337"]
[BlackFideId "2219026"]
[WhiteElo "2447"]
[BlackElo "2209"]
[Result "1-0"]
[Round "03"]
[TimeControl "180+2"]
[Date "2023.05.09"]
[WhiteClock "0:00:06"]
[BlackClock "0:00:00"]

1. e4 c5 2. Nf3 Nc6 3. Bb5 Nf6 4. e5 Nd5 5. Nc3 Nc7 6. Bxc6 dxc6 7. d3 g6 8. Bf4 Bg7 9. Qe2 Bg4 10. h3 Bxf3 11. Qxf3 Ne6 12. Bg3 Nd4 13. Qd1 O-O 14. Ne4 b6 15. O-O Qd5 16. f4 f6 17. exf6 exf6 18. Qd2 f5 19. Nc3 Qd6 20. Rae1 Rae8 21. a4 c4 22. Rd1 Rd8 23. Kh1 cxd3 24. Qxd3 Qb4 25. Bh4 Rd6 26. Be7 Rfd8 27. Bxd8 Rxd8 28. Ne2 Ne6 29. Qb3 Qxb3 30. cxb3 Bxb2 31. Rxd8+ Nxd8 32. Rd1 Ne6 33. Rd7 Nc5 34. Rxa7 Nxb3 35. Ra6 Nd4 36. Nxd4 Bxd4 37. Ra7 Be3 38. g3 b5 39. Re7 Bc5 40. Re6 bxa4 41. Rxc6 Bf8 42. Rc7 a3 43. Ra7 Bc5 44. Ra6 Kf7 45. Kg2 Ke7 46. Kf3 Kd7 47. Ke2 Ke7 48. g4 fxg4 49. hxg4 Kf7 50. Kf3 h5 51. g5 Be7 52. Ke4 Bf8 53. Ra7+ Be7 54. f5 gxf5+ 55. Kxf5 h4 56. g6+ Kf8 57. g7+ Kxg7 58. Rxe7+ Kh6 59. Kg4 a2 60. Ra7 1-0


[Site "https://www.chess.com"]

[Event "Titled Tuesday Blitz May 9 Late 2023"]
[White "Bjelobrk, Igor"]
[Black "Mikhalsky, Vladimir"]
[WhiteFideId "4300726"]
[BlackFideId "14144352"]
[WhiteElo "2319"]
[BlackElo "2236"]
[Result "1-0"]
[Round "03"]
[TimeControl "180+2"]
[Date "2023.05.09"]
[WhiteClock "0:00:31"]
[BlackClock "0:00:00"]

1. d4 Nf6 2. c4 g6 3. Nc3 Bg7 4. e4 O-O 5. Nf3 d6 6. Be2 e5 7. d5 h6 8. h3 Nh5 9. g3 a5 10. Nh4 Nf4 11. Bf1 Na6 12. Nf3 Nh5 13. Be3 Nc5 14. Nd2 Qe8 15. Be2 Nf6 16. g4 c6 17. h4 cxd5 18. cxd5 Nh7 19. h5 Ng5 20. f3 f5 21. Bxg5 hxg5 22. h6 Bf6 23. h7+ Kh8 24. Nc4 Be7 25. Qd2 b5 26. Nb6 Rb8 27. Nxc8 Qxc8 28. exf5 gxf5 29. Nxb5 fxg4 30. fxg4 Rxb5 31. Bxb5 Qxg4 32. Rf1 Qh4+ 33. Kd1 Ne4 34. Rxf8+ Bxf8 35. Qe1 Qg4+ 36. Be2 Qf4 37. Kc2 Nc5 38. Rd1 Bg7 39. Kb1 e4 40. Qxa5 Qf6 41. Qb5 Nd3 42. Bxd3 exd3 43. a4 Qd4 44. Rxd3 Qg1+ 45. Ka2 1-0


[Site "https://www.chess.com"]

[Event "Titled Tuesday Blitz May 9 Late 2023"]
[White "Liu, Casper"]
[Black "Iliaguev, Nisim"]
[WhiteFideId "1454153"]
[BlackFideId "2817276"]
[WhiteElo "2221"]
[BlackElo "2241"]
[Result "1-0"]
[Round "03"]
[TimeControl "180+2"]
[Date "2023.05.09"]
[WhiteClock "0:02:35"]
[BlackClock "0:00:33"]

1. b3 e5 2. Bb2 Nc6 3. e3 Nf6 4. Bb5 Bd6 5. Nf3 Qe7 6. d4 exd4 7. Nxd4 Nxd4 8. Qxd4 O-O 9. Nd2 c6 10. Bd3 Bc7 11. Ne4 d5 12. Nxf6+ gxf6 13. Qxf6 Qxf6 14. Bxf6 a5 15. a4 Re8 16. O-O Be6 17. f4 Bd8 18. Bd4 f5 19. Rf3 Kf7 20. Rh3 Kg6 21. g4 Rf8 22. Kh1 h6 23. gxf5+ Rxf5 24. Rg1+ Kf7 25. Rg7+ 1-0


[Site "https://www.chess.com"]

[Event "Titled Tuesday Blitz May 9 Late 2023"]
[White "Soham Kamotra"]
[Black "DubiousM0ves532"]
[WhiteFideId "46647490"]
[WhiteElo "2209"]
[BlackElo "2452"]
[Result "0-1"]
[Round "03"]
[TimeControl "180+2"]
[Date "2023.05.09"]
[WhiteClock "0:00:00"]
[BlackClock "0:00:21"]

1. c4 e6 2. g3 d5 3. Bg2 Nf6 4. Nf3 Be7 5. O-O O-O 6. b3 Nbd7 7. Bb2 c6 8. e3 a6 9. Nc3 b5 10. d3 Rb8 11. Rc1 bxc4 12. dxc4 dxc4 13. Nd4 Ne5 14. Qe2 c5 15. Nf3 Nxf3+ 16. Bxf3 cxb3 17. Rfd1 Qa5 18. axb3 Rxb3 19. Ba1 Bb7 20. g4 Bxf3 21. Qxf3 Rb4 22. h3 h6 23. Kh1 Rd8 24. Rg1 Qb6 25. g5 hxg5 26. Rxg5 Qb7 27. Qxb7 Rxb7 28. Rcg1 g6 29. Ne2 Ne4 30. R5g2 Rd2 31. f3 Ng5 32. f4 Ne4 33. Rf1 Rxe2 0-1


[Site "https://www.chess.com"]

[Event "Titled Tuesday Blitz May 9 Late 2023"]
[White "Manukyan, Sargis A."]
[Black "Dauner, Benedikt"]
[WhiteFideId "13303970"]
[BlackFideId "16225899"]
[WhiteElo "2187"]
[BlackElo "2205"]
[Result "1-0"]
[Round "03"]
[TimeControl "180+2"]
[Date "2023.05.09"]
[WhiteClock "0:00:27"]
[BlackClock "0:00:00"]

1. d4 g6 2. c4 Bg7 3. Nc3 b6 4. Nf3 Bb7 5. Bf4 Nf6 6. h3 O-O 7. e3 d5 8. cxd5 Nxd5 9. Nxd5 Bxd5 10. Be2 c5 11. O-O cxd4 12. exd4 Nc6 13. a3 Rc8 14. Be3 Bxf3 15. Bxf3 Nxd4 16. Bxd4 Qxd4 17. Rb1 Qxd1 18. Rfxd1 Rfd8 19. b3 Bd4 20. Kf1 Rc2 21. Be2 e5 22. Rbc1 Rdc8 23. Bc4 Rxf2+ 24. Ke1 Kg7 25. Rxd4 exd4 26. Kxf2 b5 27. Ke2 bxc4 28. bxc4 Kf6 29. Kd3 Rd8 30. c5 Ke6 31. Rc4 f5 32. h4 Rd5 33. c6 Rd8 34. c7 Rc8 35. Kxd4 Kd6 36. Rc5 h6 37. Rd5+ Ke6 38. Rc5 g5 39. h5 f4 40. Rc6+ Kf5 41. Kd5 Kg4 42. Kd6 Kg3 43. Kd7 Rg8 44. Rxh6 g4 45. Rg6 Rh8 46. h6 Kxg2 47. Rxg4+ Kf3 48. Rxf4+ Kxf4 49. c8=Q Rxh6 50. Qf8+ Kg5 51. Kc7 Rh7+ 52. Kb8 Kg6 53. Qg8+ Rg7 54. Qxg7+ Kxg7 55. Kxa7 Kf7 56. Kb7 Ke7 57. a4 Kd7 58. a5 Kd6 59. a6 Kc5 60. a7 Kb4 61. a8=Q Kb3 62. Qa6 Kb2 63. Qc6 Kb1 64. Kb6 1-0


[Site "https://www.chess.com"]

[Event "Titled Tuesday Blitz May 9 Late 2023"]
[White "Storey, Charles H"]
[Black "Rosen, Eric"]
[WhiteFideId "406686"]
[BlackFideId "2032562"]
[WhiteElo "2196"]
[BlackElo "2331"]
[Result "0-1"]
[Round "03"]
[TimeControl "180+2"]
[Date "2023.05.09"]
[WhiteClock "0:00:25"]
[BlackClock "0:00:07"]

1. e4 c5 2. Nf3 Nc6 3. d4 cxd4 4. Nxd4 g6 5. c4 Nf6 6. Nc3 d6 7. Nc2 Bg7 8. Be2 O-O 9. O-O a5 10. Na3 a4 11. Be3 Be6 12. f3 Qa5 13. Qd2 Rfc8 14. Rfc1 Nd7 15. Qe1 h5 16. Kh1 Nc5 17. Rab1 Qd8 18. Rd1 Qf8 19. Qd2 Be5 20. h3 Qg7 21. f4 Bxc3 22. bxc3 Nxe4 23. Qe1 Nxc3 24. Rxb7 Nxd1 25. Qxd1 Qc3 26. Bc1 Rab8 27. Bb2 Qg3 28. Rxb8 Rxb8 29. Nb5 Qxf4 30. Bf3 Ne5 31. Bc1 Qxc4 32. Nd4 Rb1 33. Ne2 Nxf3 34. gxf3 Bxh3 35. Qd2 Bf5 36. Kg2 Bd3 37. Nc3 Rb8 38. Bb2 e5 39. Ba3 Rc8 40. Bb2 a3 41. Ba1 h4 42. Qc1 Qf4 43. Qxf4 exf4 44. Nd5 Rc2+ 45. Kh3 Rxa2 46. Nf6+ Kf8 47. Bc3 Rc2 48. Bb4 a2 49. Bxd6+ Kg7 50. Ne8+ Kh6 51. Be5 Bf5+ 52. Kxh4 Rh2# 0-1


[Site "https://www.chess.com"]

[Event "Titled Tuesday Blitz May 9 Late 2023"]
[White "Foerster-Yialamas, Lucas"]
[Black "Lenaerts, Lennert"]
[WhiteFideId "30901774"]
[BlackFideId "211435"]
[WhiteElo "2067"]
[BlackElo "2334"]
[Result "0-1"]
[Round "03"]
[TimeControl "180+2"]
[Date "2023.05.09"]
[WhiteClock "0:00:04"]
[BlackClock "0:00:20"]

1. e4 e5 2. Nf3 Nc6 3. Bc4 Bc5 4. c3 Nf6 5. d4 exd4 6. O-O Nxe4 7. cxd4 d5 8. dxc5 dxc4 9. Qe2 Qd3 10. Re1 f5 11. Nc3 O-O 12. Nxe4 fxe4 13. Qxe4 Bf5 14. Qxd3 cxd3 15. a3 a5 16. Bd2 Rfe8 17. Bc3 h6 18. b4 axb4 19. axb4 Rxa1 20. Rxa1 Ne7 21. Re1 Kf8 22. b5 Ra8 23. Ne5 Nd5 24. Bd2 Ra2 25. Rd1 Rb2 26. g4 Bh7 27. b6 cxb6 28. Nc4 Rb5 29. Nxb6 Nxb6 30. cxb6 Rxb6 31. Be3 Rb2 32. Rd2 Rb1+ 33. Kg2 b5 34. Kf3 b4 35. Kf4 b3 36. Ke5 Kf7 37. Kd4 Ke6 38. Kc3 Kd5 39. f3 Bg6 40. h4 Bh7 41. h5 Ke6 42. f4 Be4 43. g5 Kf5 44. Rf2 Kg4 45. gxh6 gxh6 46. f5 Kxh5 47. f6 Bg6 48. f7 Bxf7 49. Rxf7 b2 50. Rb7 Re1 51. Bxh6 b1=Q 52. Rxb1 Rxb1 53. Bd2 Kg4 54. Kxd3 Kf3 55. Kc2 Rb7 56. Kd3 Rd7+ 57. Kc3 Ke4 58. Bg5 Rd3+ 59. Kc4 Rg3 60. Be7 Rg7 61. Bc5 Rc7 62. Kb5 Kd5 63. Bb6 Rb7 64. Ka6 Kc6 65. Bf2 Rb2 66. Be1 Ra2+ 67. Ba5 Ra1 68. Ka7 Rxa5+ 69. Kb8 Ra4 70. Kc8 Ra8# 0-1


[Site "https://www.chess.com"]

[Event "Titled Tuesday Blitz May 9 Late 2023"]
[White "Kovalevsky, Stanislav"]
[Black "Koellner, Ruben Gideon"]
[WhiteFideId "13508598"]
[BlackFideId "12993093"]
[WhiteElo "2174"]
[BlackElo "2314"]
[Result "1/2-1/2"]
[Round "03"]
[TimeControl "180+2"]
[Date "2023.05.09"]
[WhiteClock "0:00:11"]
[BlackClock "0:00:02"]

1. c4 d6 2. Nc3 e5 3. g3 Nf6 4. Bg2 Be7 5. b4 O-O 6. Bb2 c6 7. e3 Be6 8. d3 d5 9. cxd5 cxd5 10. a3 a5 11. b5 Nbd7 12. Nge2 Re8 13. O-O Rc8 14. h3 h6 15. f4 exf4 16. exf4 Nc5 17. Nd4 Qb6 18. Kh2 Bd6 19. Nxe6 fxe6 20. Re1 d4 21. Ne2 Qxb5 22. Bxd4 Nxd3 23. Rb1 Qa6 24. Bxb7 Qc4 25. Bxc8 Nxe1 26. Rc1 Nf3+ 27. Kh1 Qd5 28. Bxf6 Nd2+ 29. Kh2 gxf6 30. Bd7 Rd8 31. Bc6 Qd3 32. Nc3 Bxa3 33. Qg4+ Kh8 34. Qh4 Bxc1 35. Qxf6+ Kg8 36. Qxe6+ Kf8 37. Qf6+ Kg8 38. Qe6+ Kf8 39. Qf6+ Kg8 40. Qe6+ 1/2-1/2


[Site "https://www.chess.com"]

[Event "Titled Tuesday Blitz May 9 Late 2023"]
[White "Sochacki, Christophe"]
[Black "Vovk, Orest"]
[WhiteFideId "662569"]
[BlackFideId "14113490"]
[WhiteElo "2501"]
[BlackElo "2215"]
[Result "1-0"]
[Round "03"]
[TimeControl "180+2"]
[Date "2023.05.09"]
[WhiteClock "0:01:09"]
[BlackClock "0:00:30"]

1. d4 e5 2. dxe5 Nc6 3. Nf3 Qe7 4. Bf4 Qb4+ 5. Nc3 Qxf4 6. Nd5 Qa4 7. Nxc7+ Kd8 8. Nxa8 Qb4+ 9. c3 Qxb2 10. Rc1 Qxa2 11. e3 Qe6 12. Qa4 Nxe5 13. Nd4 Qd5 14. Qxa7 Bc5 15. Qa5+ Ke7 16. Nc7 Qe4 17. Qxc5+ d6 18. Nd5+ 1-0


[Site "https://www.chess.com"]

[Event "Titled Tuesday Blitz May 9 Late 2023"]
[White "Koutsin"]
[Black "Sun, Rick"]
[BlackFideId "30909481"]
[WhiteElo "2443"]
[BlackElo "2169"]
[Result "0-1"]
[Round "03"]
[TimeControl "180+2"]
[Date "2023.05.09"]
[WhiteClock "0:00:02"]
[BlackClock "0:00:05"]

1. d4 d6 2. Nf3 Nf6 3. c4 g6 4. Nc3 Bg7 5. e4 O-O 6. Be2 e5 7. O-O Nc6 8. d5 Ne7 9. Ne1 Nd7 10. Be3 f5 11. f3 f4 12. Bf2 g5 13. a4 Rf6 14. a5 Rh6 15. Nd3 Qe8 16. Be1 Nf6 17. Nf2 Ng6 18. b4 Nh4 19. Ng4 Rg6 20. c5 h5 21. Nxf6+ Bxf6 22. g3 Bh3 23. Rf2 g4 24. fxg4 hxg4 25. gxh4 Bxh4 26. Rf1 g3 27. hxg3 Bxg3 28. Bxg3 Rxg3+ 29. Kf2 Rxc3 30. Rg1+ Rg3 31. Rxg3+ fxg3+ 32. Kxg3 Qg6+ 33. Kxh3 Kg7 34. Bg4 Rh8+ 35. Kg3 Qg5 36. Ra2 Qf4+ 37. Kg2 Rh2+ 38. Kg1 Rxa2 39. Qf3 Qc1+ 0-1


[Site "https://www.chess.com"]

[Event "Titled Tuesday Blitz May 9 Late 2023"]
[White "Sliwicki, Damian"]
[Black "Filgueira, Hernan"]
[WhiteFideId "1127128"]
[BlackFideId "101770"]
[WhiteElo "2030"]
[BlackElo "2363"]
[Result "0-1"]
[Round "03"]
[TimeControl "180+2"]
[Date "2023.05.09"]
[WhiteClock "0:00:00"]
[BlackClock "0:01:08"]

1. e4 c5 2. Nf3 e6 3. d4 cxd4 4. Nxd4 a6 5. Nc3 Qc7 6. g3 Nf6 7. Bg2 Nc6 8. O-O Bc5 9. Nb3 Ba7 10. Bf4 Ne5 11. Kh1 d6 12. Qd2 Nc4 13. Qe2 Nxb2 14. e5 Nd7 15. Nd5 Qd8 16. exd6 O-O 17. Ne7+ Kh8 18. Be4 f5 19. Bg2 e5 20. Bxe5 Nxe5 21. Qxe5 Nc4 22. Qd5 Nxd6 23. Rfe1 Ne4 24. Qe5 Bb8 0-1


[Site "https://www.chess.com"]

[Event "Titled Tuesday Blitz May 9 Late 2023"]
[White "Piesik, Piotr"]
[Black "Golubev, Mikhail"]
[WhiteFideId "1136194"]
[BlackFideId "14100983"]
[WhiteElo "2299"]
[BlackElo "2374"]
[Result "1-0"]
[Round "03"]
[TimeControl "180+2"]
[Date "2023.05.09"]
[WhiteClock "0:00:51"]
[BlackClock "0:00:00"]

1. Nf3 d6 2. d4 Nf6 3. g3 g6 4. Bg2 Bg7 5. O-O O-O 6. Nbd2 Nc6 7. e4 e5 8. dxe5 Nxe5 9. Nxe5 dxe5 10. Qe2 Be6 11. Nc4 Qd4 12. Ne3 Nxe4 13. c3 Qa4 14. b3 Nxc3 15. Qc2 Qd4 16. Bb2 e4 17. Nd1 Bf5 18. Bxc3 Qc5 19. Qb2 Bxc3 20. Qxc3 Qxc3 21. Nxc3 Rfe8 22. Rfe1 Rad8 23. Bxe4 Bxe4 24. Nxe4 Kg7 25. Kf1 a5 26. Nc3 Rxe1+ 27. Kxe1 Rd3 28. Rc1 c6 29. Ke2 Rd4 30. Rd1 Rb4 31. Kd3 h5 32. h3 b5 33. Kc2 a4 34. bxa4 bxa4 35. Rb1 Rd4 36. Rb6 Rd6 37. Ra6 Rf6 38. Ne4 Re6 39. Kd3 f5 40. Nc5 Re5 41. Nxa4 Rd5+ 42. Ke2 h4 43. Rxc6 hxg3 44. fxg3 Rd4 45. Nc3 Kh6 46. a4 Kh5 47. a5 g5 48. a6 g4 49. a7 Rd8 50. h4 f4 51. gxf4 g3 52. Kf3 Rg8 53. Kg2 Kxh4 54. f5 Kg4 55. f6 Rd8 56. Rc4+ Kf5 57. Ra4 1-0


[Site "https://www.chess.com"]

[Event "Titled Tuesday Blitz May 9 Late 2023"]
[White "Jimenez Almeida, Luis David"]
[Black "MKlose11"]
[WhiteFideId "22242244"]
[WhiteElo "2245"]
[BlackElo "2607"]
[Result "0-1"]
[Round "03"]
[TimeControl "180+2"]
[Date "2023.05.09"]
[WhiteClock "0:00:02"]
[BlackClock "0:00:05"]

1. Nf3 Nf6 2. b3 c5 3. Bb2 Nc6 4. c4 d6 5. g3 g6 6. d4 cxd4 7. Nxd4 Bg7 8. Bg2 Bd7 9. O-O O-O 10. h3 Qa5 11. e3 Rfe8 12. Nc3 Rac8 13. Rc1 a6 14. Qe2 Qh5 15. Qxh5 Nxh5 16. Nd5 Nxd4 17. Bxd4 Bc6 18. Rfd1 Bxd5 19. Bxd5 Bxd4 20. Rxd4 Rc7 21. a4 Nf6 22. Bf3 a5 23. g4 Nd7 24. Bd1 Nc5 25. Bc2 Rc6 26. Rcd1 Rb6 27. Rb1 Rb4 28. Kg2 Ra8 29. Kg3 Ra6 30. e4 Rab6 31. e5 dxe5 32. Rd5 Nxb3 33. Bxb3 Rxb3+ 34. Rxb3 Rxb3+ 35. Kg2 f6 36. Rxa5 Rb4 37. Rb5 Rxa4 38. Rxb7 Kf7 39. Rc7 Ke6 40. f3 Ra8 41. Rb7 Rc8 42. Rb6+ Kd7 43. Rb7+ Rc7 44. Rb4 Kd6 45. h4 Kc5 46. Ra4 Kd4 47. Kg3 h6 48. g5 hxg5 49. hxg5 fxg5 50. Ra6 Rxc4 51. Rxg6 Rc3 52. Re6 Rc7 53. Kg4 Kd5 54. Rg6 Rc1 55. Rg7 Rg1+ 56. Kf5 Rg3 57. Rxe7 Rxf3+ 58. Kxg5 e4 59. Kg4 Rf8 60. Rd7+ Kc4 61. Kg3 e3 62. Kg2 Kc3 63. Re7 Kd2 64. Rd7+ Ke1 65. Re7 e2 66. Ra7 Rg8+ 67. Kf3 Kf1 68. Rh7 Rf8+ 0-1


[Site "https://www.chess.com"]

[Event "Titled Tuesday Blitz May 9 Late 2023"]
[White "Wadsworth, Matthew J"]
[Black "sebastianmarinp"]
[WhiteFideId "415804"]
[WhiteElo "2347"]
[BlackElo "2438"]
[Result "1-0"]
[Round "03"]
[TimeControl "180+2"]
[Date "2023.05.09"]
[WhiteClock "0:00:17"]
[BlackClock "0:00:00"]

1. Nf3 Nf6 2. g3 d5 3. Bg2 c6 4. c4 Bg4 5. Ne5 Bf5 6. cxd5 cxd5 7. Nc3 e6 8. g4 Bg6 9. h4 Bd6 10. Qa4+ Ke7 11. d4 h6 12. Nxg6+ fxg6 13. Qc2 Qe8 14. g5 Nh5 15. e4 Nc6 16. exd5 Nxd4 17. Qe4 e5 18. Be3 Nf5 19. O-O-O Rc8 20. Kb1 Rxc3 21. bxc3 Qc8 22. c4 Qc7 23. Bh3 Rf8 24. c5 Bxc5 25. Bxc5+ Qxc5 26. Qxe5+ Kd8 27. Qb8+ Kd7 28. Qxb7+ Kd8 29. Rhe1 Nf4 30. Bxf5 Rxf5 31. Qb8+ Kd7 32. Qe8+ Kc7 33. Re7+ Kb6 34. Qb8+ Ka6 35. Qb7+ Ka5 36. Qxa7+ Qxa7 37. Rxa7+ Kb6 38. Rxg7 Nxd5 39. Rxg6+ 1-0


[Site "https://www.chess.com"]

[Event "Titled Tuesday Blitz May 9 Late 2023"]
[White "Kourkoulos-Arditis, Stamatis"]
[Black "Gutkin, Ilya"]
[WhiteFideId "4221990"]
[BlackFideId "16203470"]
[WhiteElo "2400"]
[BlackElo "2265"]
[Result "1-0"]
[Round "03"]
[TimeControl "180+2"]
[Date "2023.05.09"]
[WhiteClock "0:00:35"]
[BlackClock "0:00:15"]

1. Nf3 c5 2. g3 g6 3. Bg2 Bg7 4. O-O Nc6 5. c4 d6 6. Nc3 e6 7. e3 Nge7 8. d4 O-O 9. d5 Na5 10. Nd2 Rb8 11. Qc2 a6 12. Rb1 b5 13. b3 Bd7 14. Bb2 Qc7 15. dxe6 Bxe6 16. cxb5 axb5 17. Nce4 Nec6 18. Bxg7 Kxg7 19. Ng5 Qe7 20. Nxe6+ fxe6 21. Ne4 e5 22. Rbd1 Rbd8 23. Nc3 b4 24. Nd5 Qf7 25. f4 Qe6 26. Be4 Rde8 27. f5 gxf5 28. Bxf5 Qh6 29. Qe2 Kh8 30. Be4 Ne7 31. Nxe7 Rxf1+ 32. Rxf1 Rxe7 33. Qg4 Qxe3+ 34. Kg2 Qh6 35. Qc8+ Kg7 36. Qf8# 1-0


[Site "https://www.chess.com"]

[Event "Titled Tuesday Blitz May 9 Late 2023"]
[White "Kleiman, Jake"]
[Black "D`Arruda, Ricardo D."]
[WhiteFideId "2020041"]
[BlackFideId "100692"]
[WhiteElo "2598"]
[BlackElo "2432"]
[Result "1-0"]
[Round "03"]
[TimeControl "180+2"]
[Date "2023.05.09"]
[WhiteClock "0:02:29"]
[BlackClock "0:02:29"]

1. e4 c5 2. c3 e6 3. d4 d5 4. exd5 exd5 5. Nf3 Bd6 6. Bb5+ Nc6 7. dxc5 Bxc5 8. O-O Ne7 9. Nbd2 O-O 10. Nb3 Bd6 11. Bd3 h6 12. h3 Be6 13. Be3 Qd7 14. Bc5 Rfe8 15. Bxd6 Qxd6 16. Re1 Rad8 17. Nbd4 a6 18. Qd2 Bc8 19. Re2 Ng6 20. Bxg6 fxg6 21. Rae1 Rxe2 22. Rxe2 Bd7 23. Qe1 Re8 24. Rxe8+ Bxe8 25. Qxe8+ 1-0


[Site "https://www.chess.com"]